Map: Frozen Temple

Players

Miszu - Winner!

  • Race: Terran Terran
  • League: Master

UnCameleon

  • Race: Terran Terran
  • League: Master

VOD

Have the link to the VOD?

Description

Time

  • Played on: April 19, 2016, 3:57 p.m.
  • Length: 5:33
Show
View Real Time Build Order
Export as new Build Order

Miszu Terran - Winner!

Build Orders:  

Get SALT Encoding   

  12  0:00  SCV  
  13  0:12  SCV  
  14  0:17  Supply Depot  
  14  0:24  SCV  
  14  0:28  Refinery  
  15  0:38  SCV  
  16  0:45  Barracks  
  16  0:50  SCV  
  17  1:02  SCV  
  18  1:06  Refinery  
  18  1:15  SCV  
  19  1:27  SCV  
  19  1:32  Reaper  
  21  1:41  Factory  
  21  1:46  Supply Depot  
  21  1:55  Orbital Command  
  21  2:04  Reaper  
  21  2:28  Hellion  
  21  2:30  SCV  
  21  2:37  Reaper  
  23  2:42  SCV  
  21  2:54  Hellion, SCV  
  23  3:09  Reaper, SCV  
  25  3:15  Hellion  
  20  3:21  SCV  
  17  3:33  SCV  
  18  3:36  Hellion  
  18  3:41  Reaper  
  21  3:45  SCV  
  22  3:57  SCV  
  23  4:04  Hellion  
  23  4:09  SCV  
  26  4:13  Reaper  
  26  4:15  Supply Depot  
  27  4:21  SCV  
  28  4:25  Hellion  
  29  4:45  Reaper  
  30  4:47  Hellion  
  28  5:09  Hellion  
Show
View Real Time Build Order
Export as new Build Order

UnCameleon Terran 

Build Orders:  

Get SALT Encoding   

  12  0:08  Supply Depot  
  12  0:13  SCV  
  13  0:34  Barracks  
  13  0:39  Refinery  
  13  0:53  Barracks  
  13  1:02  Refinery  
  13  1:23  Reaper  
  14  1:27  Barracks  
  14  1:40  Reaper  
  15  1:55  Reaper  
  16  2:12  Reaper  
  16  2:30  Reaper  
  16  2:31  Reaper  
  16  2:34  Supply Depot  
  18  2:53  Reaper  
  19  3:03  Reaper  
  20  3:06  Reaper  
  17  3:25  Reaper  
  18  3:35  Reaper  
  18  3:38  Reaper  
  20  3:47  Orbital Command  
  14  4:04  Reaper  
  14  4:08  Reaper  
  16  4:29  Reaper  
  13  4:36  Reaper  
  6  4:56  Reaper  
Tags
 
Add a new tag
Caveats
  • Supply blocks, unpowered buildings, or Contaminate may cause inaccurate times.
  • Supply counts are checked every 10 seconds.